 Dungeon Crawl Stone Soup version 0.13.0-13-g27bfa31 (webtiles) character file.

169 Antur the Digger (level 4, 0/33 HPs)
             Began as a Hill Orc Earth Elementalist on Oct 19, 2013.
             Succumbed to an adder's poison
             ... on Level 2 of the Dungeon.
             The game lasted 00:07:50 (2099 turns).

Antur the Digger (Hill Orc Earth Elementalist)      Turns: 2099, Time: 00:07:51

HP   0/33        AC  3     Str 10      XL: 4   Next:  9%
MP   2/7         EV 12     Int 15      God:
Gold 106         SH  0     Dex 12      Spells:  2 memorised,  3 levels left

Res.Fire  : . . .   See Invis. : .     - Unarmed
Res.Cold  : . . .   Warding    : .   c - +0 orc robe
Life Prot.: . . .   Conserve   : .   (no shield)
Res.Poison: .       Res.Corr.  : .   (no helmet)
Res.Elec. : .       Clarity    : .   (no cloak)
Sust.Abil.: . .     Spirit.Shd : .   (no gloves)
Res.Mut.  : .       Stasis     : .   (no boots)
Res.Rott. : .       Flight     : .   (no amulet)
Saprovore : + . .                    (no ring)
                                     (no ring)

@: mildly poisoned, slightly resistant to hostile enchantments, fairly stealthy
A: saprovore 1, AC +1
a: no special abilities


You were on level 2 of the Dungeon.
You were not hungry.

You visited 1 branch of the dungeon, and saw 2 of its levels.

You collected 86 gold pieces.

Inventory:

Missiles
 b - 20 stones (quivered)
Armour
 c - a +0 orcish robe (worn)
Comestibles
 a - 2 meat rations
 g - a chunk of adder flesh
 j - a pear
 m - a bread ration
Scrolls
 e - a scroll of random uselessness {unknown}
 f - 2 scrolls of identify
 h - 5 scrolls of remove curse {unknown}
 i - 3 scrolls of enchant armour {unknown}
 k - a scroll of curse jewellery {unknown}
 l - a scroll of amnesia {unknown}
Books
 d - a book of Geomancy

   Spells                             Type                      Level
   *Sandblast                         Earth                        1
   *Stoneskin                         Transmutation/Earth          2
   Passwall                           Transmutation/Earth          3
   Stone Arrow                        Conjuration/Earth            3
   Petrify                            Transmutation/Earth          4
   Lee's Rapid Deconstruction         Earth                        5


   Skills:
 * Level 1.7 Fighting
 + Level 1.9 Dodging
 + Level 1.6 Stealth
 * Level 1.2 Unarmed Combat
 - Level 1.5 Spellcasting
 - Level 1.0 Transmutations
 + Level 3.3 Earth Magic


You had 3 spell levels left.
You knew the following spells:

 Your Spells              Type           Power        Failure   Level  Hunger
a - Sandblast             Erth           ##....       8%          1    ##.....
b - Stoneskin             Trmt/Erth      #.........   14%         2    ###....


Dungeon Overview and Level Annotations

Branches:
Dungeon (2/27)

Altars:


Innate Abilities, Weirdness & Mutations

You can tolerate rotten meat.
You are partially covered in molten scales (AC +1).


Message History

* * * LOW HITPOINT WARNING * * *
You feel sick.
The goblin shouts!
A hobgoblin comes into view.
You see here a scroll labeled SOTHRO GUFIPS.
h - 5 scrolls labeled SOTHRO GUFIPS (gained 1)
* * * LOW HITPOINT WARNING * * *
You feel sick.
* * * LOW HITPOINT WARNING * * *
You feel sick.
The hobgoblin shouts!
Your skin feels tender.
* * * LOW HITPOINT WARNING * * *
You feel sick.
* * * LOW HITPOINT WARNING * * *
You feel sick.
You feel a little better.
* * * LOW HITPOINT WARNING * * *
You feel sick.
You die...

#.# #.# #.# #.#
#.# #.# #.# #.#
#@# #.# #.# #g#
#.# ## # #.#
.#.# # #.# .#.#
#.###.#########
...#
#....g.........


You could see a hobgoblin and a goblin.

Vanquished Creatures
  4 adders (D:2)
  6 bats
  4 giant cockroaches
  2 goblins (D:1)
  4 hobgoblins (D:1)
  3 jackals (D:1)
  2 kobolds
  3 rats
28 creatures vanquished.

Notes
Turn   | Place    | Note
--------------------------------------------------------------
     0 | D:1      | Antur, the Hill Orc Earth Elementalist, began the quest for the Orb.
     0 | D:1      | Reached XP level 1. HP: 14/14 MP: 3/3
   521 | D:1      | Reached XP level 2. HP: 12/20 MP: 0/4
   567 | D:1      | Learned a level 2 spell: Stoneskin
   639 | D:1      | Gained mutation: You are partially covered in molten scales (AC +1). [potion of beneficial mutation]
  1410 | D:1      | Reached skill level 1 in Fighting
  1556 | D:2      | HP: 1/20 [adder (5)]
  1557 | D:2      | Reached XP level 3. HP: 1/26 MP: 0/5
  1714 | D:2      | Reached skill level 1 in Unarmed Combat
  2022 | D:2      | Reached skill level 1 in Transmutations
  2081 | D:2      | Reached XP level 4. HP: 7/33 MP: 0/7
  2097 | D:2      | HP: 1/33 [poisoned by an adder]
  2099 | D:2      | Succumbed to an adder's poison

Action                   |  1- 3 |  4- 6 || total
-------------------------+-------+-------++-------
Melee: Unarmed           |   216 |       ||   216
 Cast: Sandblast         |    32 |     1 ||    33
       Stoneskin         |     7 |       ||     7
  Use: Potion            |     3 |       ||     3
       Scroll            |     1 |       ||     1
 Stab: Sleeping          |     1 |       ||     1
